 Dungeon Crawl Stone Soup version 0.26.1-11-gd32895ea62 (webtiles) character file.

Game seed: 10674764254899967806

3104 promet the Covert (level 9, -11/63 HPs)
             Began as an Octopode Brigand on June 28, 2021.
             Was a Follower of Dithmenos.
             Mangled by a troll (17 damage)
             ... on level 7 of the Dungeon.
             The game lasted 00:34:17 (11059 turns).

promet the Covert (Octopode Brigand)               Turns: 11059, Time: 00:34:18

Health: -11/63     AC:  3    Str: 11    XL:     9   Next: 90%
Magic:  9/9        EV: 15    Int: 13    God:    Dithmenos [*.....]
Gold:   85         SH:  0    Dex: 16    Spells: 8/8 levels left

rFire    . . .     SeeInvis .   a - +4 dagger (venom)
rCold    . . .     Faith    +   (no shield)
rNeg     . . .     Spirit   .   B - +2 hat
rPois    .         Reflect  .   i - amulet of faith
rElec    .         Harm     .   (no ring)
rCorr    .         Rampage  .   (no ring)
Will     .....                  (no ring)
Stlth    ++++++....             (no ring)
HPRegen  0.20/turn              (no ring)
MPRegen  0.11/turn              (no ring)
                                (no ring)
                                (no ring)

@: about to teleport, wreathed by umbra
A: almost no armour, stealthy swim, amphibious, 8 rings, constrict 8, camouflage
1, gelatinous body 1
a: Renounce Religion


You were on level 7 of the Dungeon.
You worshipped Dithmenos.
Dithmenos was aware of your devotion.
You visited 1 branch of the dungeon, and saw 7 of its levels.

You collected 293 gold pieces.
You spent 208 gold pieces at shops.

Inventory:

Hand Weapons
 a - a +4 dagger of venom (weapon)
 b - a +0 shortbow
 c - a +1 war axe of electrocution
 l - a +0 whip of freezing
 m - a +0 vorpal halberd
 w - a +2 whip of freezing
 x - a +1 hand axe of pain
 y - a +0 long sword
 F - a +0 dagger of holy wrath
Missiles
 d - 192 stones
 e - 42 sling bullets
 h - 41 bolts
 n - 2 curare-tipped darts
 o - 93 arrows
 p - a throwing net
 s - 31 poisoned darts (quivered)
 G - 2 boomerangs
Armour
 B - a +2 hat (worn)
Magical Staves
 v - an uncursed staff of cold {unknown}
 A - an uncursed staff of earth {unknown}
Jewellery
 i - an amulet of faith (around mantle)
 D - a +6 ring of intelligence
Wands
 r - a wand of random effects (20)
Scrolls
 g - 2 scrolls of teleportation
 j - a scroll of magic mapping
 k - 4 scrolls of remove curse
 u - a scroll of amnesia
Potions
 f - a potion of attraction
 q - 2 potions of cancellation
 t - 3 potions of lignification
 z - a potion of brilliance
 C - a potion of flight {unknown}
 E - a potion of magic


   Skills:
 * Level 6.9 Fighting
 + Level 6.2 Short Blades
 + Level 2.2 Polearms
 + Level 2.8 Bows
 + Level 5.1 Throwing
 + Level 4.3 Dodging
 + Level 10.8 Stealth


You had 8 spell levels left.
You didn't know any spells.
Your spell library was empty.

Dungeon Overview and Level Annotations

Branches:
Dungeon (7/15)             Temple (0/1) D:7

Altars:
Dithmenos
Fedhas
Kikubaaqudgha
Qazlal
Sif Muna
Trog
Yredelemnul
Beogh

Shops:
D:6 :[:}(

Annotations:
D:4 3 runed translucent doors, oc3rt's ghost, amateur KoHu
D:5 Eustachio


Innate Abilities, Weirdness & Mutations

You cannot wear most types of armour.
You are very stealthy in the water. (Stealth+)
You are amphibious.
You can wear up to eight rings at the same time.
You can use your tentacles to constrict eight enemies at once.
Your skin changes colour to match your surroundings (Stealth+).
Your rubbery body absorbs attacks. (AC +1, EV +1)


Message History

The troll closely misses you. The troll claws you! x2
You hit the troll but do no damage.
The troll looks as sick as possible!
The troll is lightly wounded.
You hit the troll.
The troll looks as sick as possible!
Your squeeze misses the troll.
The troll is moderately wounded.
The troll bites you!!
* * * LOW HITPOINT WARNING * * *
The troll claws you.
* * * LOW HITPOINT WARNING * * *
The troll claws you.
* * * LOW HITPOINT WARNING * * *
Okay, then.
o - 93 arrows (gained 1)
The troll closely misses you. The troll barely misses you.
The troll closely misses you.
Found 6 gold pieces.
As you read the scroll of teleportation, it crumbles to dust.
You feel strangely unstable. The troll bites you!
You die...

..#....#....#........#....#
..#....#....#........#....#
..#....#....#........#....#
..#....#....#........#<...#
#########'###........###+####
.........#####.............
.........#..$+.............
.........#...#.............
.........#...#@............
.........#...T.............
.........#...###...........
.........##.## ##..........
#+####.......##.##.<....###
+...........#......#
#.....#..>...#.....#
#....###...........#
######....# #..####.....#


You could see a troll (very poisoned).

Vanquished Creatures
  Pikel (D:6)
  Maggie (D:6)
  2 sky beasts (D:6)
  2 ice beasts (D:6)
  An orc warrior (D:6)
  A necrophage (D:5)
  A phantom (D:6)
  2 centaurs
  5 ogres
  Blork the orc (D:4)
  A scorpion (D:5)
  A howler monkey (D:4)
  2 bullfrog zombies (D:6)
  A bullfrog skeleton (D:6)
  2 centaur skeletons
  7 orc priests
  5 hounds
  3 orc wizards
  5 worker ants
  An iguana (D:6)
  A howler monkey zombie (D:6)
  4 gnolls (D:3)
  8 adders
  A white imp (D:6)
  2 oozes
  An adder skeleton (D:4)
  2 worms
  2 dart slugs
  7 leopard geckos
  23 orcs
  7 bats
  4 giant cockroaches
  11 goblins
  6 hobgoblins
  4 jackals (D:1)
  8 kobolds
  2 quokkas
  4 frilled lizards
  A jackal skeleton (D:5)
  A quokka skeleton (D:4)
  7 rats
151 creatures vanquished.

Notes
Turn   | Place    | Note
-------+----------+-------------------------------------------
     0 | D:1      | promet the Octopode Brigand began the quest for the Orb.
     0 | D:1      | Reached XP level 1. HP: 14/14 MP: 1/1
   304 | D:1      | Reached XP level 2. HP: 19/19 MP: 2/2
   728 | D:1      | Reached skill level 6 in Stealth
   769 | D:1      | Reached XP level 3. HP: 25/25 MP: 3/3
  1682 | D:2      | Reached XP level 4. HP: 15/30 MP: 4/4
  3042 | D:3      | Reached skill level 7 in Stealth
  3042 | D:3      | Reached XP level 5. HP: 23/36 MP: 5/5
  4971 | D:4      | Noticed Blork the orc
  4987 | D:4      | Killed Blork the orc
  4988 | D:4      | Reached skill level 1 in Polearms
  4988 | D:4      | Reached XP level 6. HP: 24/42 MP: 6/6
  5250 | D:4      | Found a runed translucent gate.
  5251 | D:4      | Found a runed translucent gate.
  5251 | D:4      | Noticed oc3rt's ghost (amateur KoHu)
  5252 | D:4      | Found a runed translucent gate.
  5536 | D:4      | Reached XP level 7. HP: 47/47 MP: 7/7
  5596 | D:4      | Reached skill level 8 in Stealth
  6506 | D:4      | Found a roughly hewn altar of Beogh.
  6539 | D:5      | Entered Level 5 of the Dungeon
  6570 | D:5      | Found a stormy altar of Qazlal.
  6675 | D:5      | Found a basalt altar of Yredelemnul.
  6676 | D:5      | Found a stormy altar of Qazlal.
  6677 | D:5      | Found a shimmering blue altar of Sif Muna.
  6677 | D:5      | Found an ancient bone altar of Kikubaaqudgha.
  6677 | D:5      | Found a bloodstained altar of Trog.
  6678 | D:5      | Found a blossoming altar of Fedhas.
  6904 | D:5      | Noticed Eustachio
  7174 | D:5      | Reached XP level 8. HP: 36/54 MP: 8/8
  7346 | D:5      | Reached skill level 9 in Stealth
  7570 | D:6      | Found Jengin's Book Emporium.
  8034 | D:6      | Reached skill level 5 in Fighting
  8268 | D:6      | Reached skill level 5 in Short Blades
  8315 | D:6      | Found Unak's Armour Shoppe.
  8323 | D:6      | Bought a +2 hat for 208 gold pieces
  9004 | D:6      | Reached XP level 9. HP: 61/61 MP: 9/9
  9018 | D:6      | Found a shadowy altar of Dithmenos.
  9024 | D:6      | Became a worshipper of Dithmenos the Shadowed
  9047 | D:6      | Found Piopn's Antique Weapon Emporium.
  9373 | D:6      | Reached skill level 10 in Stealth
  9388 | D:6      | Found Vaakica's Book Emporium.
  9495 | D:6      | Noticed Pikel
  9537 | D:6      | Noticed Maggie
  9542 | D:6      | Killed Maggie
  9543 | D:6      | Reached skill level 1 in Bows
  9979 | D:6      | Killed Pikel
  9980 | D:6      | Reached skill level 5 in Throwing
 10361 | D:6      | Found Syporhia's Gadget Shop.
 11028 | D:7      | Reached * piety under Dithmenos
 11029 | D:7      | Found a staircase to the Ecumenical Temple.
 11035 | D:7      | Noticed a troll
 11059 | D:7      | Mangled by a troll

Illustrated notes

Levels and vault maps discovered:
D:1:      ebering_hopf_link, layout_rooms
D:2:      layout_basic
D:3:      minmay_skewed_foursquare, layout_basic, chequers_jeans
D:4:      layout_loops_cross, biasface_ghost_orc_armoury,
          minmay_misc_feat_alley, minmay_checkerbox, uniq_blork_the_orc
D:5:      layout_loops_ring, grunt_temple_overflow_open, grunt_qazlal_sundering,
          uniq_eustachio
D:6:      layout_basic, serial_shops, shop_fountains, nicolae_shop_stone, shop,
          nicolae_shop_trees, shop, grunt_dithmenos_smoke, uniq_maggie,
          uniq_pikel
D:7:      lemuel_upstairs_altar, layout_gridville, minmay_temple_entry_wispy,
          minmay_misc_feat_plants, minmay_misc_feat_tiny, trog_butcher_becter

Skill      XL: |  1  2  3  4  5  6  7  8  9 |
---------------+----------------------------+-----
Stealth        | 6 7 8 9 10 | 10.8
Fighting       | 3 4 5 6 |  6.9
Short Blades   | 3 4 5 6 |  6.2
Polearms       | 1 2 |  2.2
Dodging        | 2 3 4 |  4.3
Throwing       | 3 4 5 |  5.1
Bows           | 2 |  2.8

Action                   |  1- 3 |  4- 6 |  7- 9 || total
-------------------------+-------+-------+-------++-------
Melee: Dagger            |    75 |    79 |   196 ||   350
       Constrict         |    20 |    24 |    25 ||    69
       Tentacles         |     9 |    15 |    44 ||    68
       Halberd           |       |    44 |       ||    44
 Fire: Shortbow          |       |       |    40 ||    40
Throw: Dart              |     1 |    25 |    33 ||    59
  Use: Scroll            |     4 |     4 |     8 ||    16
       Potion            |     5 |     4 |     5 ||    14
 Stab: Sleeping          |    11 |    14 |    14 ||    39
Armor: Skin              |    10 |    14 |     8 ||    32
Dodge: Dodged            |    73 |    78 |    99 ||   250
